 Dungeon Crawl Stone Soup version 0.29-a0-341-g24ffce5b50 (webtiles) character file.

Game seed: 7305725511731366413

292 jimonade the Magician (level 6, -1/34 HPs)
             Began as a Deep Elf Hedge Wizard on Apr 21, 2022.
             Slain by a black bear (6 damage)
             ... on level 4 of the Dungeon.
             The game lasted 00:11:04 (4587 turns).

jimonade the Magician (Deep Elf Hedge Wizard)       Turns: 4587, Time: 00:11:04

Health: -1/34      AC:  2    Str:  9    XL:     6   Next: 10%
Magic:  13/17      EV: 12    Int: 19    God:
Gold:   246        SH:  0    Dex: 14    Spells: 13/18 levels left

rFire   . . .      SeeInvis .   n - +0 short sword (elec)
rCold   . . .      Faith    .   (no shield)
rNeg    . . .      Spirit   .   b - +0 robe
rPois   .          Reflect  .   c - +0 hat
rElec   .          Harm     .   (no cloak)
rCorr   .          Rampage  .   (no gloves)
Will    .....                   (no boots)
Stlth   ++........              w - amulet of magic regeneration
HPRegen 0.11/turn               (no ring)
MPRegen 0.55/turn               (no ring)

@: on blink cooldown
A: no striking features
a: no special abilities


You were on level 4 of the Dungeon.
You visited 1 branch of the dungeon, and saw 4 of its levels.

You collected 246 gold pieces.

Inventory:

Hand Weapons
 n - a +0 short sword of electrocution (weapon)
Missiles
 o - 37 stones
 z - 6 javelins
Armour
 b - a +0 robe (worn)
 c - a +0 hat (worn)
 r - a +0 ring mail
 t - a +0 leather armour
Jewellery
 f - an amulet of faith
 w - an amulet of magic regeneration (around neck)
Scrolls
 e - 2 scrolls of fog {unknown}
 g - a scroll of torment {unknown}
 h - a scroll of fear {unknown}
 s - a scroll of enchant armour {unknown}
 u - 2 scrolls of identify {unknown}
 v - a scroll of vulnerability {unknown}
 x - 2 scrolls of teleportation {unknown}
 y - a scroll of amnesia {unknown}
 A - a scroll of immolation {unknown}
Potions
 a - a potion of cancellation {unknown}
 d - 2 potions of magic
 i - 6 potions of curing {unknown}
 j - a potion of heal wounds {unknown}
 k - 2 potions of resistance {unknown}
 l - a potion of degeneration {unknown}
 m - 3 potions of mutation {unknown}
 p - a potion of brilliance {unknown}
 q - a potion of haste {unknown}
 B - a potion of invisibility {unknown}
 C - a potion of lignification {unknown}


   Skills:
 * Level 1.5 Fighting
 - Level 2.6 Dodging
 - Level 2.4 Stealth
 + Level 6.5 Spellcasting
 + Level 2.9 Conjurations
 + Level 1.5 Summonings
 * Level 2.2 Translocations
 * Level 1.5 Air Magic
 * Level 1.4 Poison Magic


You had 13 spell levels left.
You knew the following spells:

 Your Spells              Type           Power      Damage    Failure   Level
a - Magic Dart            Conj           68%        1d6       3%          1
b - Blink                 Tloc           28%        N/A       6%          2
c - Call Imp              Summ           12%        N/A       9%          2

Your spell library contained the following spells:

 Spells                   Type           Power      Damage    Failure   Level
 Slow                     Hex            24%        N/A       11%         1
 Mephitic Cloud           Conj/Pois/Air  13%        N/A       14%         3
 Ensorcelled Hibernation  Hex/Ice        12%        N/A       16%         2
 Conjure Flame            Conj/Fire      11%        6-21      17%         3
 Spider Form              Tmut/Pois      9%         N/A       24%         3
 Anguish                  Hex/Necr       3%         N/A       71%         4


Dungeon Overview and Level Annotations

Branches:
Dungeon (4/15)
 Temple: D:4-7

Altars:

Shops:
D:1 (:?[?   D:2 [

Annotations:
D:2 1 runed translucent door, Crazy Yiuf


Message History

The adder completely misses you. The adder bites you.
Aiming: Magic Dart (safe; 3% risk of failure)
Press: ? - help, Q - select action, (/) - cycle Shift-Dir - straight line, f/p - adder
Aim: an adder (almost dead, 100% to hit)
The magic dart hits the adder.
You kill the adder!
Casting: Magic Dart (safe; 3% risk of failure)
Confirm with . or Enter, or press ? or * to list all spells.
You blink.
The black bear barely misses you. The black bear closely misses you.
The black bear claws you.
Casting: Blink (safe; 6% risk of failure)
Confirm with . or Enter, or press ? or * to list all spells.
A beastly little devil appears in a puff of flame.
The black bear misses you. The black bear claws you.
The black bear barely misses you.
Aiming: Magic Dart (safe; 3% risk of failure)
Press: ? - help, Q - select action, (/) - cycle Shift-Dir - straight line, f - black bear
Aim: a black bear (ally target, 100% to hit)
The magic dart hits the black bear.
The black bear is lightly wounded.
The black bear closely misses you. The black bear barely misses you.
The black bear closely misses you.
Your crimson imp hits the black bear.
Aiming: Magic Dart (safe; 3% risk of failure)
Press: ? - help, Q - select action, (/) - cycle Shift-Dir - straight line, f/p - black bear
Aim: a black bear (lightly wounded, ally target, 100% to hit)
The magic dart hits the black bear.
The black bear is moderately wounded.
The black bear bites you.
* * * LOW HITPOINT WARNING * * *
The black bear claws you.
* * * LOW HITPOINT WARNING * * *
The black bear closely misses you.
Your crimson imp blinks!
Casting: Magic Dart (safe; 3% risk of failure)
Confirm with . or Enter, or press ? or * to list all spells.
You are still too unstable to blink.
Unknown command.
Unknown command.
The black bear bites you.
You die...

#.# #.# #.# #.# #.#
###.### #.# #.# #.....#
###.###.####.#.#.#
#..............#.######
#.#####h##.#.###......#
#. #.##.#.....####.# #
#.##.#####.# #.#
#.....@.##.## #.#
####.##h#...###.#
#.##.ยง.......#####.#
#.##.#...#.........#
#.##...>##...#######
#.##.###.......#####
..##.# #..........<.
####.# #..5....#####
......#...###


You could see a black bear (ally target) and a friendly crimson imp (summoned).

Vanquished Creatures
  A bullfrog (D:3)
  2 scorpions
  6 adders
  2 worms
  2 dart slugs
  2 orcs
  A bat (D:3)
  4 endoplasms
  2 giant cockroaches
  6 goblins
  4 hobgoblins
  7 kobolds
  A quokka (D:2)
  5 ball pythons
  4 frilled lizards (D:2)
  9 rats
58 creatures vanquished.

Vanquished Creatures (collateral kills)
  A rat (D:3)
1 creature vanquished.

Grand Total: 59 creatures vanquished

Notes
Turn   | Place    | Note
-------+----------+-------------------------------------------
     0 | D:1      | jimonade the Deep Elf Hedge Wizard began the quest for the
                  | Orb.
     0 | D:1      | Reached XP level 1. HP: 10/10 MP: 7/7
   219 | D:1      | Found Tauck's Weapon Boutique.
   234 | D:1      | Found Gion's Book Emporium.
   494 | D:1      | Found Zomecs's Armour Emporium.
   500 | D:1      | Found Huotih's Magic Scroll Emporium.
   577 | D:1      | Found Igipnese's Magic Scroll Emporium.
   630 | D:1      | Reached XP level 2. HP: 16/16 MP: 5/9
   979 | D:2      | Found Peuple's Armour Boutique.
  1011 | D:2      | Found a runed translucent door.
  1012 | D:2      | Noticed Crazy Yiuf
  1292 | D:2      | Reached skill level 5 in Spellcasting
  1929 | D:2      | Reached XP level 3. HP: 11/20 MP: 0/12
  2423 | D:2      | Found a faded altar of an unknown god.
  2520 | D:2      | Learned a level 2 spell: Blink
  2523 | D:2      | Learned a level 2 spell: Call Imp
  2692 | D:3      | Noticed a bullfrog
  2836 | D:3      | Reached skill level 1 in Fighting
  2836 | D:3      | Reached XP level 4. HP: 12/25 MP: 3/13
  3039 | D:3      | Killed a bullfrog
  3040 | D:3      | Reached skill level 6 in Spellcasting
  3364 | D:3      | Reached XP level 5. HP: 29/29 MP: 13/15
  3432 | D:3      | Reached skill level 1 in Air Magic
  3432 | D:3      | Reached skill level 1 in Poison Magic
  4296 | D:4      | Reached XP level 6. HP: 23/34 MP: 10/17
  4587 | D:4      | Slain by a black bear

Illustrated notes

Levels and vault maps discovered:
D:1:      minmay_arrival_split_and_join, layout_basic, serial_shops, shop,
          nicolae_shop_hallway_stairs, shop_fountains,
          nicolae_shop_bloodbath_and_beyond, shop
D:2:      minmay_razor_zed, layout_rooms, dilly_ecumenical_altar_fadedgnrine,
          serial_shops, nicolae_shop_competitors_out_of_business,
          uniq_crazy_yiuf_cottage
D:3:      layout_rooms, minmay_fractal_squares_gapless_5
D:4:      layout_loops_ring, nicolae_shop_firing_range

Skill      XL: |  1  2  3  4  5 |
---------------+----------------+-----
Spellcasting   | 5 6 |  6.5
Conjurations   | 2 |  2.9
Fighting       | 1 |  1.5
Air Magic      | 1 |  1.5
Poison Magic   | 1 |  1.4
Translocations | 2 |  2.2
Dodging        | |  2.6
Stealth        | |  2.4
Summonings     | |  1.5

Action                   |  1- 3 |  4- 6 || total
-------------------------+-------+-------++-------
Melee: Short sword       |     1 |       ||     1
 Cast: Magic Dart        |   114 |    96 ||   210
       Call Imp          |     2 |     2 ||     4
       Blink             |       |     2 ||     2
Armor: Robe              |     5 |     3 ||     8
Dodge: Dodged            |    27 |    43 ||    70

Table legend: (Time is in decaauts)
 A = Elapsed time spent in this place.
 B = Non-inter-level travel time spent in this place.
 C = Inter-level travel time spent in this place.
 D = Time resting spent in this place.
 E = Time spent auto-exploring this place.
 F = Levels seen in this place.
 G = Mean time per level.
                   A        B        C        D        E       F      G
               +--------+--------+--------+--------+--------+-----+--------+
         Total |   4591 |   4469 |    122 |   1580 |   2253 |   4 | 1147.8 |
       Dungeon |   4591 |   4469 |    122 |   1580 |   2253 |   4 | 1147.8 |
               +--------+--------+--------+--------+--------+-----+--------+

Top non-repeatable levels by time:
     D:2: 2306 daAuts
     D:3: 1185 daAuts
     D:1: 963 daAuts
     D:4: 136 daAuts
